 Dungeon Crawl Stone Soup version 0.29.0-13-gc9e81de378 (webtiles) character file.

Game seed: 16674716935150622888

14574 apoch the Severer (level 11, -4/96 (99) HPs)
             Began as a Minotaur Fighter on Sept 10, 2022.
             Was a High Priest of Elyvilon.
             Succumbed to a cane toad's poison
             ... on level 1 of the Lair of Beasts.
             The game lasted 00:24:45 (15125 turns).

apoch the Severer (Minotaur Fighter)               Turns: 15125, Time: 00:24:45

HP:   -4/96 (99)    AC: 18    Str: 25    XL:     11   Next: 90%
MP:   11/17         EV:  7    Int: 13    God:    Elyvilon [*****.]
Gold: 610           SH:  0    Dex: 10    Spells: 10/10 levels left

rFire   . . .      SeeInvis .   b - +2 morningstar
rCold   + + .      Faith    .   (no shield)
rNeg    . . .      Spirit   .   L - +0 plate armour
rPois   .          Reflect  .   (helmet restricted)
rElec   .          Harm     .   o - +0 cloak
rCorr   .          Rampage  .   (no gloves)
Will    .....                   g - +1 pair of boots
Stlth   ..........              (no amulet)
HPRegen 0.26/turn               d - ring of the Doge {rC+ Int+8}
MPRegen 0.15/turn               v - ring of protection from cold

@: lethally poisoned (-4 -> -27), lightly drained
A: horns 2, retaliatory headbutt
a: Renounce Religion, Purification, Heal Other, Heal Self, Divine Vigour


You were on level 1 of the Lair of Beasts.
You worshipped Elyvilon.
Elyvilon was extremely pleased with you.
You visited 2 branches of the dungeon, and saw 11 of its levels.
You also visited: Sewer.

You collected 610 gold pieces.

Inventory:

Hand Weapons
 a - a +2 battleaxe
 b - a +2 morningstar (weapon)
 u - a +3 war axe of freezing
 w - a +0 battleaxe
 J - a +3 flail of venom
Missiles
 n - 33 poisoned darts
 A - 5 stones (quivered)
 D - 5 curare-tipped darts
 G - 2 javelins
Armour
 g - a +1 pair of boots (worn)
 o - a +0 cloak (worn)
 L - a +0 plate armour (worn)
Jewellery
 d - the ring of the Doge (left hand) {rC+ Int+8}
   (You found it on level 5 of the Dungeon)

   [ring of protection from cold]

   Int:       It affects your intelligence (+8).
   rC:        It protects you from cold.
 v - a ring of protection from cold (right hand)
Wands
 j - a wand of flame (26)
 p - a wand of mindburst (15)
 y - a wand of digging (4)
Scrolls
 c - a scroll of torment
 e - 2 scrolls of silence
 f - 2 scrolls of enchant weapon
 l - 3 scrolls of blinking
 m - a scroll of teleportation
 x - 5 scrolls of fog
 F - 4 scrolls of enchant armour
Potions
 h - a potion of lignification
 i - a potion of attraction {unknown}
 k - 6 potions of flight
 q - 5 potions of curing
 r - a potion of haste {unknown}
 s - 2 potions of resistance
 t - a potion of ambrosia
 z - 3 potions of mutation
 C - a potion of heal wounds
 E - 3 potions of invisibility
 O - a potion of might


   Skills:
 - Level 10.0 Fighting
 + Level 15.1 Axes
 - Level 10.0 Armour
 - Level 3.6 Shields
 - Level 10.0 Invocations


You had 10 spell levels left.
You didn't know any spells.
Your spell library contained the following spells:

 Spells                   Type           Power      Damage    Failure   Level
 Magic Dart               Conj           0%         1d3       97%         1
 Necrotise                Necr           0%         1d4       97%         1
 Slow                     Hex            0%         N/A       97%         1
 Poisonous Vapours        Pois/Air       0%         N/A       99%         2
 Searing Ray              Conj           0%         2d4       99%         2
 Confusing Touch          Hex            0%         N/A       100%        3
 Frozen Ramparts          Ice            0%         1d1       100%        3
 Vampiric Draining        Necr           0%         2d6       100%        3
 Airstrike                Air            0%         2d(0-16)  100%        4
 Animate Dead             Necr           0%         N/A       100%        4
 Corpse Rot               Necr/Pois/Air  0%         N/A       100%        4
 Dispel Undead            Necr           0%         3d6       100%        4
 Fulminant Prism          Conj/Hex       0%         3d6       100%        4
 Ice Form                 Ice/Tmut       0%         N/A       100%        4
 Summon Ice Beast         Ice/Summ       0%         N/A       100%        4
 Summon Lightning Spire   Summ/Air       0%         N/A       100%        4
 Agony                    Necr           0%         N/A       100%        5
 Lightning Bolt           Conj/Air       0%         1d11      100%        5
 Death Channel            Necr           0%         N/A       100%        6
 Haunt                    Necr/Summ      0%         N/A       100%        7
 Infestation              Necr           0%         N/A       100%        8


Dungeon Overview and Level Annotations

Branches:
Dungeon (10/15)            Temple (0/1) D:7            Lair (1/5) D:10
    Orc (0/2) D:9           Sewer (visited)

Altars:
Ashenzari
Cheibriados
Dithmenos
Elyvilon
Fedhas
Gozag
Kikubaaqudgha
Nemelex Xobeh
Qazlal
Ru
Sif Muna
Trog
Vehumet
Wu Jian
Yredelemnul
The Shining One

Shops:
D:3 *

Portals:
Gauntlet: Lair:1


Innate Abilities, Weirdness & Mutations

You have a pair of horns on your head.
You reflexively headbutt those who attack you in melee.


Message History

* * * LOW HITPOINT WARNING * * *
The four-headed hydra bites you!
* * * LOW HITPOINT WARNING * * *
The cane toad stings you.
* * * LOW HITPOINT WARNING * * *
You are lethally poisoned!
The cane toad poisons you!
The wyvern bites you but does no damage.
You are healed.
You feel very sick. The wyvern barely misses you. The cane toad stings you.
* * * LOW HITPOINT WARNING * * *
The four-headed hydra bites you but does no damage. x4
The wyvern bites you but does no damage.
You are healed.
You feel very sick. The cane toad barely misses you.
The four-headed hydra bites you.
The four-headed hydra bites you but does no damage.
The four-headed hydra closely misses you.
The four-headed hydra bites you but does no damage.
The wyvern bites you! The cane toad stings you.
You are more poisoned.
The cane toad poisons you!
You barely miss the four-headed hydra.
The four-headed hydra is severely wounded.
You feel extremely sick. The wyvern closely misses you.
You furiously retaliate!
You headbutt the wyvern! The four-headed hydra bites you!
* * * LOW HITPOINT WARNING * * *
The four-headed hydra bites you!
* * * LOW HITPOINT WARNING * * *
The four-headed hydra bites you.
* * * LOW HITPOINT WARNING * * *
The four-headed hydra bites you!
* * * LOW HITPOINT WARNING * * *
The cane toad stings you but does no damage.
The wyvern bites you but does no damage.
You puncture the four-headed hydra! You headbutt the four-headed hydra!
You kill the four-headed hydra!
You die...

#####...........#
#.......###.....#
##.......# .....#
#...####...#####
#...# .>.#
###...# ..#
#....## ...
#....# ... #F@..#
......†l....#
............#
............#
............#
.......^.....#
..∩.########.#
.... ##


You could see a cane toad and a wyvern.

Vanquished Creatures
  A hydra (Lair:1)
  2 two-headed ogres (D:9)
  Amaemon (D:9)
  Maurice (D:8)
  An orange demon (D:9)
  2 unseen horror zombies
  A troll (D:9)
  Sigmund (D:5)
  A wyvern (D:9)
  12 yaks
  A vampire (D:7)
  A steam dragon (D:6)
  Edmund (D:4)
  An acid dragon (D:10)
  5 water moccasins
  3 orc warriors
  3 ice beasts
  2 black bears
  A sky beast (D:6)
  7 ogres
  3 centaurs
  3 kobold brigands
  A necrophage (D:5)
  4 bullfrogs
  4 gnoll sergeants (D:9)
  4 scorpions
  A wyvern zombie (D:8)
  33 wights
  6 killer bees
  An electric eel (Lair:1)
  2 howler monkeys
  2 jellies (D:5)
  11 centaur zombies
  2 orc priests
  5 hounds
  2 gnoll boudas
  Crazy Yiuf (D:6)
  2 iguanas (D:6)
  Natasha (thrice) (D:3)
  6 orc wizards
  3 killer bee zombies (D:8)
  6 howler monkey zombies
  19 gnolls
  14 adders
  4 river rats (Sewer)
  2 shadow imps
  2 white imps
  2 worms (D:4)
  6 dart slugs
  25 orcs
  9 endoplasms
  4 giant cockroaches
  10 goblins
  12 hobgoblins
  11 jackals
  17 kobolds
  4 quokkas
  10 ball pythons
  4 bats
  14 frilled lizards
  19 rats
341 creatures vanquished.

Vanquished Creatures (others)
  9 fungi
  13 plants (D:10)
  5 withered plants (D:8)
27 creatures vanquished.

Grand Total: 368 creatures vanquished

Notes
Turn   | Place    | Note
-------+----------+-------------------------------------------
     0 | D:1      | apoch the Minotaur Fighter began the quest for the Orb.
     0 | D:1      | Reached XP level 1. HP: 19/19 MP: 0/0
    47 | D:1      | Reached skill level 3 in Axes
   162 | D:1      | Reached XP level 2. HP: 26/26 MP: 1/1
   355 | D:1      | Reached skill level 4 in Axes
   636 | D:1      | Reached XP level 3. HP: 31/31 MP: 2/2
   953 | D:2      | Found a faded altar of an unknown god.
   966 | D:2      | Prayed at the altar of an unknown god.
   966 | D:2      | Became a worshipper of Elyvilon the Healer
   966 | D:2      | Reached * piety under Elyvilon
  1038 | D:2      | Reached skill level 5 in Axes
  1065 | D:2      | Reached XP level 4. HP: 20/39 MP: 3/3
  1323 | D:2      | Reached skill level 6 in Axes
  1656 | D:3      | Noticed Natasha
  1665 | D:3      | Killed Natasha
  1668 | D:3      | Reached XP level 5. HP: 30/45 MP: 4/4
  1781 | D:3      | Found a glowing drain.
  1796 | Sewer    | Entered a sewer
  1856 | Sewer    | Reached ** piety under Elyvilon
  2021 | Sewer    | Reached skill level 7 in Axes
  2228 | D:3      | Reached XP level 6. HP: 51/51 MP: 5/5
  2245 | D:3      | Noticed Natasha
  2250 | D:3      | Killed Natasha
  2268 | D:3      | Found an opulent altar of Gozag.
  2268 | D:3      | Found Gozag's Platinum Reserve.
  2433 | D:3      | Found a bloodstained altar of Trog.
  2489 | D:3      | Found an ornate altar of the Wu Jian Council.
  2531 | D:3      | Noticed Natasha
  2543 | D:3      | Killed Natasha
  2544 | D:3      | Reached skill level 8 in Axes
  2847 | D:3      | Found an ancient bone altar of Kikubaaqudgha.
  3055 | D:4      | Reached *** piety under Elyvilon
  3134 | D:4      | Found a radiant altar of Vehumet.
  3226 | D:4      | Noticed a water moccasin
  3244 | D:4      | Killed a water moccasin
  3245 | D:4      | Reached skill level 9 in Axes
  3385 | D:4      | Reached XP level 7. HP: 58/58 MP: 6/6
  3438 | D:4      | Identified the +2 robe "Gimpu" {Int+4}
  3689 | D:4      | Noticed Edmund
  3698 | D:4      | Killed Edmund
  3699 | D:4      | Reached skill level 1 in Invocations
  4093 | D:5      | Entered Level 5 of the Dungeon
  4093 | D:5      | Noticed Sigmund
  4093 | D:5      | Found a shadowy altar of Dithmenos.
  4150 | D:5      | Killed Sigmund
  4151 | D:5      | Reached skill level 5 in Fighting
  4268 | D:5      | Identified the ring of the Doge {rC+ Int+8}
  4401 | D:5      | Reached XP level 8. HP: 65/69 MP: 8/8
  4499 | D:5      | Found a sparkling altar of Nemelex Xobeh.
  4543 | D:5      | Reached **** piety under Elyvilon
  4547 | D:5      | Reached skill level 10 in Axes
  4795 | D:5      | Identified the +11 battleaxe "Utut" {elec, rCorr Int+3
                  | Dex+5}
  5171 | D:5      | Reached skill level 5 in Armour
  5577 | D:6      | Found a blossoming altar of Fedhas.
  6045 | D:6      | Found a runed translucent door.
  6046 | D:6      | Noticed Crazy Yiuf
  6053 | D:6      | Killed Crazy Yiuf
  6626 | D:6      | Found a sacrificial altar of Ru.
  6679 | D:6      | Reached XP level 9. HP: 81/81 MP: 9/11
  7707 | D:7      | Found a snail-covered altar of Cheibriados.
  7836 | D:7      | Reached ***** piety under Elyvilon
  7984 | D:7      | Found a staircase to the Ecumenical Temple.
  8239 | D:7      | Reached skill level 5 in Invocations
  8543 | D:8      | Reached skill level 10 in Fighting
  8814 | D:8      | Found a stormy altar of Qazlal.
  9369 | D:8      | Found a glowing golden altar of the Shining One.
  9369 | D:8      | Noticed Maurice
  9381 | D:8      | Reached XP level 10. HP: 77/89 MP: 13/13
  9398 | D:8      | Killed Maurice
  9625 | D:8      | Found a broken altar of Ashenzari.
 10464 | D:8      | Reached skill level 10 in Armour
 10563 | D:9      | Found a shimmering blue altar of Sif Muna.
 11063 | D:9      | Reached skill level 11 in Axes
 11354 | D:9      | Noticed a two-headed ogre
 11362 | D:9      | Killed a two-headed ogre
 11526 | D:9      | Found a staircase to the Orcish Mines.
 11537 | D:9      | Reached XP level 11. HP: 99/99 MP: 16/16
 11543 | D:9      | Reached skill level 12 in Axes
 12172 | D:10     | Entered Level 10 of the Dungeon
 12178 | D:10     | Noticed Amaemon
 12372 | D:9      | Killed Amaemon
 12763 | D:10     | Noticed a two-headed ogre
 12770 | D:10     | Elyvilon protects you from harm!
 12774 | D:9      | Killed a two-headed ogre
 13105 | D:10     | Reached skill level 10 in Invocations
 13106 | D:10     | Reached skill level 13 in Axes
 13241 | D:10     | Found a staircase to the Lair.
 14055 | D:10     | Reached skill level 14 in Axes
 14309 | D:10     | Found a basalt altar of Yredelemnul.
 14378 | D:10     | Reached skill level 15 in Axes
 14968 | Lair:1   | Entered Level 1 of the Lair of Beasts
 15109 | Lair:1   | Found a gate leading to a gauntlet.
 15109 | Lair:1   | Noticed a four-headed hydra
 15124 | Lair:1   | HP: 1/96 [four-headed hydra (7)]
 15125 | Lair:1   | Killed a four-headed hydra
 15125 | Lair:1   | Succumbed to a cane toad's poison

Illustrated notes

Levels and vault maps discovered:
D:1:      heliophobic_arrival_dark_side_of_the_moon, layout_basic, st_stairs_14
D:2:      layout_basic, shapermc_ecumenical_altar_flowoftime, grunt_ministairs_1
D:3:      layout_basic, nzn_wu_jian_contemplation, mainiacjoe_overflow_alcove_2,
          nicolae_gozag_zags_fifth_avenue, bloody_trog, portal_sewer_entry_f,
          uniq_natasha
D:4:      layout_basic, mainiacjoe_overflow_cross_hatched, uniq_edmund
D:5:      layout_basic, mainiacjoe_overflow_tiny_flanked,
          nicolae_overflow_hidden_temple, uniq_sigmund
D:6:      layout_cave_pools, lemuel_crystal_altar, mainiacjoe_overflow_catwalk,
          uniq_crazy_yiuf_cottage
D:7:      layout_gridville, kennysheep_slug_shrine, minmay_temple_entry_waves
D:8:      layout_basic, grunt_qazlal_sundering, old_standard_altar,
          cheibrodos_ashenzari_chains, serial_undead, serial_undead_b,
          serial_undead_a, serial_undead_d, serial_undead_a, serial_undead_f,
          serial_undead_e, serial_undead_d, uniq_maurice
D:9:      layout_rooms, led_sif_book, kennysheep_orc_monster_closet_entryway,
          library_closet
D:10:     layout_roguey, nicolae_yredelemnul_corpse_copse,
          grunt_lair_entry_orc_guard_hut, enter_bailey_8, uniq_amaemon
Lair:1:   gammafunk_indiana_jones, layout_cellular_growth,
          gauntlet_entry_generic, serial_bayou_shore_a,
          infiniplex_staircase_pool

Skill      XL: |  1  2  3  4  5  6  7  8  9 10 11 |
---------------+----------------------------------+-----
Axes           | 3 4 5 6 7 9 10 11 15 | 15.1
Fighting       | 5 8 10 | 10.0
Armour         | 4 6 8 10 | 10.0
Invocations    | 2 4 6 8 10 | 10.0
Shields        | |  3.6

Action                   |  1- 3 |  4- 6 |  7- 9 | 10-12 || total
-------------------------+-------+-------+-------+-------++-------
Melee: War axe           |    69 |   137 |   248 |    13 ||   467
       Headbutt          |     8 |    17 |    39 |    52 ||   116
       Battleaxe         |       |       |       |   284 ||   284
       Morningstar       |       |       |       |     8 ||     8
Throw: Javelin           |    30 |    44 |    48 |       ||   122
       Stone             |    14 |    26 |    11 |    45 ||    96
Invok: Purification      |       |       |     2 |     1 ||     3
       Heal Other        |       |       |       |     4 ||     4
       Heal Self         |       |       |       |     8 ||     8
  Use: Scroll            |       |    11 |     6 |     5 ||    22
       Potion            |       |       |     1 |     3 ||     4
Armor: Scale mail        |    18 |    45 |    46 |       ||   109
       Chain mail        |       |       |    56 |    33 ||    89
       Plate armour      |       |       |       |   294 ||   294
Dodge: Dodged            |    27 |    44 |    96 |   178 ||   345
Block: Buckler           |    13 |    25 |    60 |     1 ||    99
